 Dungeon Crawl Stone Soup version 0.25-a0-404-gc1b5a34292 (webtiles) character file.

Game seed: 11867187664925018486, levelgen mode: deterministic

879 MisterFreud the Cudgeler (level 8, -2/67 HPs)
             Began as a Gnoll Chaos Knight on Jan 12, 2020.
             Was a Plaything of Xom.
             Slain by a scorpion (6 damage)
             ... on level 5 of the Dungeon.
             The game lasted 00:06:05 (3348 turns).

MisterFreud the Cudgeler (Gnoll Chaos Knight)       Turns: 3348, Time: 00:06:06

Health: -2/67      AC:  5    Str: 15    XL:     8   Next: 4%
Magic:  12/12      EV: 14    Int: 16    God:    Xom [......]
Gold:   162        SH:  0    Dex: 15    Spells: 12/12 levels left

rFire    . . .     SeeInvis .   a - +0 mace (chaos)
rCold    . . .     Gourm    .   (no shield)
rNeg     + . .     Faith    .   b - +2 leather armour
rPois    .         Spirit   .   (no helmet)
rElec    .         Reflect  .   f - +0 cloak (curse)
rCorr    .         Harm     .   s - +1 pair of gloves
MR       .....                  (no boots)
Stlth    ++........             (no amulet)
HPRegen  0.21/turn              m - ring of positive energy
MPRegen  0.13/turn              (no ring)

@: lethally poisoned (-2 -> -22), corroded
A: distributed training, fangs 1, strong nose
a: Renounce Religion


You were on level 5 of the Dungeon.
You worshipped Xom.
You were a very special plaything of Xom.
You were not hungry.

You visited 1 branch of the dungeon, and saw 8 of its levels.

You collected 162 gold pieces.

Inventory:

Hand Weapons
 a - a +0 mace of chaos (weapon)
 l - a +2 dagger of venom
 y - a +2 war axe of draining
Missiles
 d - 66 arrows
 e - 224 stones (quivered)
 j - 41 sling bullets
 r - 15 poisoned darts
 x - 4 boomerangs
 D - 6 javelins
Armour
 b - a +2 leather armour (worn)
 f - a cursed +0 cloak (worn)
 p - a +1 pair of gloves
 s - a +1 pair of gloves (worn)
Jewellery
 m - a ring of positive energy (left hand)
Scrolls
 g - a scroll of fear {unknown}
 n - a scroll of enchant armour {unknown}
 q - 2 scrolls of noise {unknown}
 v - 7 scrolls of enchant weapon {unknown}
 w - a scroll of amnesia {unknown}
 z - a scroll of teleportation {unknown}
 A - 2 scrolls of identify
 E - a scroll of remove curse {unknown}
 F - a scroll of fog {unknown}
Potions
 h - a potion of ambrosia
 i - a potion of brilliance
 k - 2 potions of mutation
 o - a potion of cancellation {unknown}
 t - a potion of lignification {unknown}
 B - a potion of flight {unknown}
Comestibles
 c - 9 rations


   Skills:
 + Level 7.2 Fighting
 + Level 2.8 Short Blades
 + Level 2.8 Long Blades
 + Level 2.8 Axes
 + Level 7.2 Maces & Flails
 + Level 2.8 Polearms
 + Level 2.8 Staves
 + Level 2.8 Slings
 + Level 2.8 Bows
 + Level 2.8 Crossbows
 + Level 2.8 Throwing
 + Level 5.4 Armour
 + Level 3.9 Dodging
 + Level 2.8 Stealth
 + Level 2.8 Shields
 + Level 2.8 Unarmed Combat
 + Level 2.8 Spellcasting
 + Level 2.3 Conjurations
 + Level 2.3 Hexes
 + Level 2.3 Charms
 + Level 2.3 Summonings
 + Level 2.3 Necromancy
 + Level 2.3 Translocations
 + Level 2.3 Transmutations
 + Level 2.3 Fire Magic
 + Level 2.3 Ice Magic
 + Level 2.3 Air Magic
 + Level 2.3 Earth Magic
 + Level 2.3 Poison Magic
 + Level 3.1 Invocations
 + Level 2.8 Evocations


You had 12 spell levels left.
You didn't know any spells.
Your spell library was empty.

Dungeon Overview and Level Annotations

Branches:
Dungeon (8/15)             Temple (0/1) D:4
   Lair: D:8-11

Altars:
Ashenzari
Nemelex Xobeh
Okawaru
Qazlal
Sif Muna
Trog
Vehumet
Xom
The Shining One


Innate Abilities, Weirdness & Mutations

Your experience applies equally to all skills.
You have very sharp teeth.
Your uncanny sense of smell can sniff out nearby items.


Message History

You barely miss the scorpion.
You bite the scorpion, but do no damage.
You feel sick. The scorpion stings you.
You hit the scorpion but do no damage.
The scorpion seems to speed up.
You feel sick. The scorpion stings you.
* * * LOW HITPOINT WARNING * * *
The scorpion closely misses you.
You barely miss the scorpion.
* * * LOW HITPOINT WARNING * * *
You feel sick. The scorpion stings you.
* * * LOW HITPOINT WARNING * * *
You are more poisoned.
The scorpion poisons you!
You hit the scorpion but do no damage.
Space bends around the scorpion.
The scorpion is heavily wounded.
* * * LOW HITPOINT WARNING * * *
You feel sick. The scorpion stings you.
* * * LOW HITPOINT WARNING * * *
The scorpion stings you.
You die...

#..........###
#....##......###
##...##'#......###
#.>..#.###......###
#....#...###......###
#....###...###......#+#
#....#(###...###......#
#....#..§##§.##.)....##
#....# #{§s@##......##
####.#∆##○§##......##
#.#..☼.##......## ∆
#.##..##......##
#.#..##......## ..#.#
......# ∆ ..## .....#
....# ...##


You could see a scorpion.

Vanquished Creatures
  Prince Ribbit (D:6)
  A sky beast (D:5)
  Blork the orc (D:4)
  A scorpion (D:4)
  A howler monkey (D:6)
  A crimson imp (D:5)
  An orc priest (D:5)
  A hound (D:6)
  A quasit (D:4)
  A bullfrog skeleton (D:5)
  2 jellies
  Jessica (D:2)
  2 centaur skeletons
  Natasha (D:4)
  3 adders
  2 shadow imps (D:5)
  An ooze (D:2)
  An adder zombie (D:5)
  A worm (D:2)
  A dart slug (D:3)
  A leopard gecko (D:1)
  7 orcs
  4 giant cockroaches
  6 goblins
  6 hobgoblins
  6 jackals
  3 quokkas
  6 bats
  7 frilled lizards
  4 kobolds
  6 rats
81 creatures vanquished.

Vanquished Creatures (others)
  Pikel (D:7)
  3 slaves (D:7)
4 creatures vanquished.

Grand Total: 85 creatures vanquished

Notes
Turn   | Place    | Note
-------+----------+-------------------------------------------
     0 | D:1      | MisterFreud the Gnoll Chaos Knight began the quest for the
                  | Orb.
     0 | D:1      | Reached XP level 1. HP: 23/23 MP: 1/1
    70 | D:1      | Reached XP level 2. HP: 27/29 MP: 2/2
   521 | D:2      | Found a stormy altar of Qazlal.
   523 | D:2      | Found a shimmering altar of Xom.
   523 | D:2      | Found a radiant altar of Vehumet.
   525 | D:2      | Found an iron altar of Okawaru.
   525 | D:2      | Found a sparkling altar of Nemelex Xobeh.
   525 | D:2      | Found a burning altar of Makhleb.
   588 | D:2      | Reached XP level 3. HP: 15/35 MP: 3/3
   615 | D:2      | XOM: divination: detect creatures
   854 | D:2      | Reached skill level 1 in Invocations
   914 | D:2      | Found an iron altar of Okawaru.
   992 | D:2      | XOM: mild Necr miscast
  1056 | D:2      | Found a bloodstained altar of Trog.
  1084 | D:2      | XOM: harmless Tloc miscast
  1192 | D:2      | Found a shattered altar of Ashenzari.
  1214 | D:2      | Noticed Jessica
  1217 | D:2      | Killed Jessica
  1217 | D:2      | Reached skill level 1 in Short Blades
  1217 | D:2      | Reached skill level 1 in Long Blades
  1217 | D:2      | Reached skill level 1 in Axes
  1217 | D:2      | Reached skill level 1 in Polearms
  1217 | D:2      | Reached skill level 1 in Staves
  1217 | D:2      | Reached skill level 1 in Slings
  1217 | D:2      | Reached skill level 1 in Bows
  1217 | D:2      | Reached skill level 1 in Crossbows
  1217 | D:2      | Reached skill level 1 in Throwing
  1217 | D:2      | Reached skill level 1 in Stealth
  1217 | D:2      | Reached skill level 1 in Shields
  1217 | D:2      | Reached skill level 1 in Unarmed Combat
  1217 | D:2      | Reached skill level 1 in Spellcasting
  1217 | D:2      | Reached skill level 1 in Evocations
  1217 | D:2      | Reached XP level 4. HP: 40/40 MP: 5/5
  1670 | D:3      | Reached skill level 1 in Conjurations
  1670 | D:3      | Reached skill level 1 in Hexes
  1670 | D:3      | Reached skill level 1 in Charms
  1670 | D:3      | Reached skill level 1 in Summonings
  1670 | D:3      | Reached skill level 1 in Necromancy
  1670 | D:3      | Reached skill level 1 in Translocations
  1670 | D:3      | Reached skill level 1 in Transmutations
  1670 | D:3      | Reached skill level 1 in Fire Magic
  1670 | D:3      | Reached skill level 1 in Ice Magic
  1670 | D:3      | Reached skill level 1 in Air Magic
  1670 | D:3      | Reached skill level 1 in Earth Magic
  1670 | D:3      | Reached skill level 1 in Poison Magic
  1695 | D:3      | Found an iron altar of Okawaru.
  1936 | D:3      | XOM: harmless Pois miscast
  2022 | D:4      | Noticed Blork the orc
  2051 | D:4      | Killed Blork the orc
  2051 | D:4      | Reached XP level 5. HP: 20/46 MP: 5/7
  2097 | D:4      | XOM: cloud trail
  2200 | D:4      | Reached XP level 6. HP: 28/52 MP: 8/8
  2240 | D:4      | XOM: cast spell 'Summon Small Mammal'
  2279 | D:4      | Found a stormy altar of Qazlal.
  2358 | D:4      | Found a glowing golden altar of the Shining One.
  2425 | D:4      | Noticed Natasha
  2435 | D:4      | Killed Natasha
  2494 | D:4      | Found a staircase to the Ecumenical Temple.
  2504 | D:4      | Reached skill level 5 in Armour
  2543 | D:4      | Found a shimmering blue altar of Sif Muna.
  2623 | D:5      | Entered Level 5 of the Dungeon
  2652 | D:5      | Noticed a sky beast
  2663 | D:5      | Killed a sky beast
  2674 | D:5      | Reached XP level 7. HP: 56/58 MP: 10/10
  2779 | D:5      | XOM: silly message
  2882 | D:5      | XOM: silly message
  2963 | D:5      | XOM: 3-stop teleportation journey
  2964 | D:5      | You fall into a shaft and drop 3 floors!
  2979 | D:7      | Noticed Pikel
  2982 | D:7      | Killed Pikel
  2982 | D:7      | XOM: divine lightning
  2983 | D:6      | Noticed Prince Ribbit
  2986 | D:7      | XOM: scenery: 3 doors open
  2989 | D:7      | Noticed a naga
  2989 | D:7      | a freed slave changed into a naga
  2989 | D:7      | XOM: polymorph freed slave -> naga
  2997 | D:6      | XOM: enchant monster (good)
  3005 | D:6      | XOM: smoke on damage
  3008 | D:6      | Killed Prince Ribbit
  3016 | D:6      | Reached XP level 8. HP: 33/66 MP: 12/12
  3093 | D:6      | XOM: mild Tmut miscast
  3332 | D:5      | XOM: mild Pois miscast
  3339 | D:5      | XOM: smoke on damage
  3348 | D:5      | Slain by a scorpion

Levels and vault maps discovered:
D:1:      minmay_arrival_stair_chambers, layout_basic,
          chequers_serial_rivers_micro_e
D:2:      layout_basic, doesnt_xom_only_xom, nicolae_overflow_crystal_walls,
          bloody_trog, ashenzari_conservatory_becter, first_ration, uniq_jessica
D:3:      layout_loops_ring, okawaru_metal_pillars_3
D:4:      layout_rooms, grunt_qazlal_sundering, lemuel_doored_altar,
          kennysheep_mini, minmay_temple_entry_antechambers, uniq_blork_the_orc,
          uniq_natasha
D:5:      minmay_razor_zed, layout_basic, uniq_sigmund
D:6:      kennysheep_big_flooded_room, layout_layer_cave,
          gammafunk_temple_of_torment, lemuel_crystal_altar, uniq_prince_ribbit1
D:7:      layout_loops_corners, grunt_livestock, minmay_lizard_king, uniq_pikel
D:8:      layout_basic, overflow_temple_1_default, old_standard_altar,
          uniq_erica, uniq_maurice, uniq_psyche

Skill      XL: |  1  2  3  4  5  6  7 |
---------------+----------------------+-----
Invocations    | 1 2 3 |  3.1
Short Blades   | 1 2 |  2.8
Long Blades    | 1 2 |  2.8
Axes           | 1 2 |  2.8
Polearms       | 1 2 |  2.8
Staves         | 1 2 |  2.8
Slings         | 1 2 |  2.8
Bows           | 1 2 |  2.8
Crossbows      | 1 2 |  2.8
Throwing       | 1 2 |  2.8
Stealth        | 1 2 |  2.8
Shields        | 1 2 |  2.8
Unarmed Combat | 1 2 |  2.8
Spellcasting   | 1 2 |  2.8
Evocations     | 1 2 |  2.8
Conjurations   | 1 2 |  2.3
Hexes          | 1 2 |  2.3
Charms         | 1 2 |  2.3
Summonings     | 1 2 |  2.3
Necromancy     | 1 2 |  2.3
Translocations | 1 2 |  2.3
Transmutations | 1 2 |  2.3
Fire Magic     | 1 2 |  2.3
Ice Magic      | 1 2 |  2.3
Air Magic      | 1 2 |  2.3
Earth Magic    | 1 2 |  2.3
Poison Magic   | 1 2 |  2.3
Dodging        | 3 |  3.9
Armour         | 5 |  5.4
Fighting       | 7 |  7.2
Maces & Flails | 7 |  7.2

Action                   |  1- 3 |  4- 6 |  7- 9 || total
-------------------------+-------+-------+-------++-------
Melee: Mace              |   101 |   116 |   101 ||   318
       Bite              |     7 |    18 |    20 ||    45
       Punch             |       |     1 |       ||     1
Evoke: Wand              |       |       |     2 ||     2
  Use: Scroll            |       |     3 |       ||     3
       Potion            |       |       |     1 ||     1
 Stab: Paralysed         |     1 |       |       ||     1
       Sleeping          |       |     2 |       ||     2
       Petrified         |       |       |    10 ||    10
       Petrifying        |       |       |     3 ||     3
  Eat: Chunk             |     1 |     5 |     2 ||     8
Armor: Leather armour    |    49 |    44 |    39 ||   132
Dodge: Dodged            |    76 |    67 |    65 ||   208

Table legend:
 A = Non-vault XP
 B = Vault XP
 C = Vault XP percentage of total XP
 D = Non-vault monster count
 E = Vault monster count
 F = Vault count percentage of total count
                 A         B        C        D         E       F
            +---------+---------+-------+---------+---------+-------
      Total |     807 |     449 |  35.7 |      76 |       5 |   6.2
            +---------+---------+-------+---------+---------+-------
        D:1 |      28 |       0 |   0.0 |      16 |       0 |   0.0
        D:2 |      43 |      37 |  46.2 |      16 |       1 |   5.9
        D:3 |      39 |       0 |   0.0 |      21 |       0 |   0.0
        D:4 |     184 |     138 |  42.9 |       8 |       2 |  20.0
        D:5 |     366 |       6 |   1.6 |      10 |       1 |   9.1
        D:6 |     147 |     268 |  64.6 |       5 |       1 |  16.7
            +---------+---------+-------+---------+---------+-------
